[Event "Titled Tuesday Blitz March 28 Early 2023"]
[White "Vivas Zamora, Fabian Ernesto"]
[Black "Lauridsen, Jesper Morch"]
[WhiteFideId "3902480"]
[BlackFideId "1401890"]
[WhiteElo "2262"]
[BlackElo "2249"]
[Result "1/2-1/2"]
[Round "02"]
[TimeControl "180+2"]
[Date "2023.03.28"]
[WhiteClock "0:00:06"]
[BlackClock "0:00:05"]

1. e4 e5 2. Nf3 Nf6 3. d4 Nxe4 4. Bd3 d5 5. Nxe5 Nd7 6. Nc3 Nxc3 7. bxc3 Nxe5 8. dxe5 Bc5 9. O-O Be6 10. Qh5 g6 11. Qh6 Bf8 12. Qf4 Bg7 13. Ba3 Qd7 14. Rab1 b6 15. c4 dxc4 16. Be4 O-O-O 17. Qf3 Bxe5 18. Bc6 Qd4 19. Be7 Qf4 20. Qxf4 Bxf4 21. Bxd8 Rxd8 22. Rbd1 Rxd1 23. Rxd1 c3 24. Bd5 Bf5 25. Bb3 Bd2 26. f3 h5 27. Kf2 c5 28. Ke2 b5 29. Bxf7 Bxc2 30. Rxd2 cxd2 31. Kxd2 Bb1 32. a3 a5 33. g4 hxg4 34. fxg4 b4 35. Kc1 Be4 36. Kb2 Kd7 37. h4 Ke7 38. Bb3 Bf3 39. g5 Be2 40. Bc2 Bh5 41. axb4 axb4 42. Bd3 Bd1 43. Bxg6 Kf8 44. Bd3 Kg7 45. Bc4 Bf3 46. Bd3 Bg2 47. Kb3 Bd5+ 48. Bc4 Bxc4+ 49. Kxc4 Kg6 50. Kb3 Kh5 51. Kc4 Kg6 52. Kb3 Kh5 53. Kc4 Kg6 1/2-1/2


[Site "https://www.chess.com"]

[Event "Titled Tuesday Blitz March 28 Early 2023"]
[White "Floresvillar Gonzalez, Luis Migu"]
[Black "Shapiro, Viktor"]
[WhiteFideId "5100542"]
[BlackFideId "4175700"]
[WhiteElo "2040"]
[BlackElo "2152"]
[Result "1-0"]
[Round "02"]
[TimeControl "180+2"]
[Date "2023.03.28"]
[WhiteClock "0:00:25"]
[BlackClock "0:01:30"]

1. d4 Nf6 2. c3 b6 3. Bg5 Bb7 4. Nd2 e6 5. e4 h6 6. Bxf6 Qxf6 7. e5 Qd8 8. Ngf3 a6 9. Bd3 d6 10. O-O Nd7 11. Re1 Qe7 12. exd6 cxd6 13. Qe2 g6 14. Rad1 Bg7 15. Ne4 O-O 16. h3 b5 17. a3 Nb6 18. Nh2 Rae8 19. Qe3 f5 20. Nd2 Nd5 21. Qg3 Qg5 22. Qxg5 hxg5 23. Nhf3 Bf6 24. Bf1 Kf7 25. Nb3 Nf4 26. g3 Bxf3 27. gxf4 Bxd1 28. Rxd1 gxf4 29. Nc1 d5 30. Nd3 g5 31. Be2 Rh8 32. Kg2 Be7 33. Rg1 Bd6 34. b4 Kf6 35. Nc5 Bxc5 36. bxc5 e5 37. f3 e4 38. fxe4 fxe4 39. Bg4 Ke7 40. c6 Kd6 41. Bd7 Re7 42. Kf2 e3+ 43. Ke2 Rxd7 44. cxd7 Rxh3 45. d8=Q+ Kc6 46. Qc8+ Kb6 47. Qxh3 1-0


[Site "https://www.chess.com"]

[Event "Titled Tuesday Blitz March 28 Early 2023"]
[White "Grunberg, Mihai-Lucian"]
[Black "Georg, Heinz"]
[WhiteFideId "1204149"]
[BlackFideId "4607295"]
[WhiteElo "2363"]
[BlackElo "2244"]
[Result "1-0"]
[Round "02"]
[TimeControl "180+2"]
[Date "2023.03.28"]
[WhiteClock "0:01:04"]
[BlackClock "0:00:20"]

1. e4 e5 2. Nf3 Nc6 3. Nc3 Nf6 4. Bb5 Nd4 5. Bc4 c6 6. Nxe5 d5 7. Bb3 Bd6 8. f4 Bxe5 9. fxe5 Bg4 10. exf6 Bxd1 11. fxg7 Rg8 12. Nxd1 Qg5 13. O-O Rxg7 14. Ne3 Nxb3 15. axb3 dxe4 16. d3 exd3 17. cxd3 a6 18. Rf2 O-O-O 19. Nf5 Qg4 20. h3 Qd1+ 21. Rf1 Rxg2+ 22. Kxg2 Rg8+ 23. Kf2 Qc2+ 24. Ke1 Re8+ 25. Be3 Qxd3 26. Rf3 Kb8 27. Rd1 Qxb3 28. Rd2 Qe6 29. Kf2 Rg8 30. Bf4+ Ka8 31. Nd6 Qxh3 32. Rxh3 1-0


[Site "https://www.chess.com"]

[Event "Titled Tuesday Blitz March 28 Early 2023"]
[White "Rodriguez Santiago, Jaime"]
[Black "Forgacs, Attila Jr."]
[WhiteFideId "3100898"]
[BlackFideId "773654"]
[WhiteElo "2025"]
[BlackElo "2168"]
[Result "0-1"]
[Round "02"]
[TimeControl "180+2"]
[Date "2023.03.28"]
[WhiteClock "0:00:22"]
[BlackClock "0:00:07"]

1. c4 a6 2. Nc3 e5 3. g3 Bc5 4. Bg2 Nc6 5. e3 Nf6 6. Nf3 Ba7 7. O-O d6 8. h3 O-O 9. d3 h6 10. Rb1 Be6 11. b4 Ne7 12. a4 c6 13. b5 axb5 14. axb5 Qd7 15. Bb2 Bxh3 16. b6 Bxg2 17. Kxg2 Bxb6 18. d4 e4 19. Nh4 g5 20. Rh1 gxh4 21. Rxh4 Kh7 22. d5 Ng6 23. Rxh6+ Kxh6 24. Qh1+ Nh5 25. Nxe4 Bd8 26. Bf6 Qf5 27. Nxd6 Qxf6 28. g4 Nh4+ 29. Kf1 Qxd6 30. Qxh4 Bxh4 31. gxh5 Qh2 32. Rb2 Ra1+ 33. Ke2 Qxf2+ 34. Kd3 Qxb2 35. Ke4 Re1 0-1


[Site "https://www.chess.com"]

[Event "Titled Tuesday Blitz March 28 Early 2023"]
[White "Manukian, Artak"]
[Black "Lesbekova, Assel"]
[WhiteFideId "13301373"]
[BlackFideId "13713248"]
[WhiteElo "2130"]
[BlackElo "1799"]
[Result "1-0"]
[Round "02"]
[TimeControl "180+2"]
[Date "2023.03.28"]
[WhiteClock "0:00:21"]
[BlackClock "0:00:02"]

1. e4 c5 2. Nf3 Nc6 3. c3 Nf6 4. e5 Nd5 5. d4 cxd4 6. cxd4 d6 7. Nc3 Nxc3 8. bxc3 dxe5 9. d5 e4 10. Ng5 Ne5 11. Nxe4 e6 12. Bb5+ Bd7 13. Bxd7+ Qxd7 14. dxe6 Qxd1+ 15. Kxd1 O-O-O+ 16. Kc2 fxe6 17. Bf4 Ng6 18. Bg3 Be7 19. Rad1 e5 20. Rxd8+ Rxd8 21. h4 Bf6 22. h5 Ne7 23. h6 Rh8 24. Nd6+ Kd7 25. Nxb7 g6 26. Rd1+ Kc6 27. Nd8+ Kc7 28. Nf7 Rf8 29. Nd6 a6 30. Ne4 Bh8 31. f3 Nf5 32. Bf2 Nxh6 33. Rh1 Bg7 34. Kd3 Rd8+ 35. Ke2 Rh8 36. Nc5 a5 37. Ne6+ 1-0


[Site "https://www.chess.com"]

[Event "Titled Tuesday Blitz March 28 Early 2023"]
[White "Novikov, Evgenij"]
[Black "rionelG"]
[WhiteFideId "4125380"]
[WhiteElo "2242"]
[BlackElo "2231"]
[Result "1-0"]
[Round "02"]
[TimeControl "180+2"]
[Date "2023.03.28"]
[WhiteClock "0:00:33"]
[BlackClock "0:00:03"]

1. d4 Nf6 2. c4 g6 3. Nc3 Bg7 4. e4 O-O 5. Be2 d6 6. Nf3 Na6 7. O-O e5 8. d5 Nc5 9. Qc2 a5 10. Bg5 h6 11. Be3 Bd7 12. Nd2 Ne8 13. Nb3 Nxb3 14. Qxb3 b6 15. Qc2 f5 16. exf5 gxf5 17. f4 Nf6 18. fxe5 dxe5 19. c5 f4 20. Bf2 e4 21. Nxe4 Bf5 22. Nxf6+ Qxf6 23. Qc4 Qxb2 24. d6+ Kh8 25. dxc7 bxc5 26. Bxc5 Rfc8 27. Bf3 Rxc7 28. Bxa8 Rxc5 29. Qxf4 Qd4+ 30. Qxd4 Bxd4+ 31. Kh1 Bxa1 32. Rxa1 Be6 33. a3 Bd5 34. Bxd5 Rxd5 35. Kg1 Rd2 36. Rf1 Kg7 37. Rf5 Rd1+ 38. Kf2 Rd2+ 39. Kf1 Rd1+ 40. Ke2 1-0


[Site "https://www.chess.com"]

[Event "Titled Tuesday Blitz March 28 Early 2023"]
[White "Aanna12"]
[Black "Nguyen Hong Nhung"]
[BlackFideId "12412201"]
[WhiteElo "2226"]
[BlackElo "1904"]
[Result "0-1"]
[Round "02"]
[TimeControl "180+2"]
[Date "2023.03.28"]
[WhiteClock "0:01:14"]
[BlackClock "0:00:44"]

1. e4 c5 2. Nf3 e6 3. d3 d5 4. Nbd2 Nf6 5. g3 Be7 6. Bg2 O-O 7. O-O Nc6 8. Re1 b5 9. e5 Nd7 10. Nf1 a5 11. h4 b4 12. N1h2 a4 13. a3 Nd4 14. Nxd4 cxd4 15. Bf4 bxa3 16. bxa3 Ba6 17. h5 Re8 18. h6 g6 19. Nf3 Qb6 20. Bg5 Bf8 21. Qd2 Rac8 22. Rec1 Rc3 23. Qf4 Rxa3 24. Rab1 Qc7 25. Nxd4 Rc3 26. Re1 a3 27. Bxd5 exd5 28. e6 fxe6 29. Qxc7 Rxc7 30. Nxe6 Rc6 31. Nxf8 Kxf8 0-1


[Site "https://www.chess.com"]

[Event "Titled Tuesday Blitz March 28 Early 2023"]
[White "Novik, Maxim"]
[Black "babbilator"]
[WhiteFideId "4102924"]
[WhiteElo "2287"]
[BlackElo "2221"]
[Result "0-1"]
[Round "02"]
[TimeControl "180+2"]
[Date "2023.03.28"]
[WhiteClock "0:00:09"]
[BlackClock "0:00:15"]

1. d4 Nf6 2. c4 e6 3. Nc3 Bb4 4. e3 c5 5. Ne2 cxd4 6. exd4 d5 7. c5 Ne4 8. a3 Bxc3+ 9. Nxc3 Nxc3 10. bxc3 b6 11. Bd3 O-O 12. Qh5 f5 13. O-O bxc5 14. Re1 Nc6 15. Bb5 Qb6 16. a4 cxd4 17. Ba3 Rf7 18. Bxc6 Qxc6 19. cxd4 h6 20. Bc5 f4 21. f3 Rb8 22. Re2 Rb3 23. a5 Qb5 24. Ree1 Bd7 25. Bd6 Qd3 26. Be5 Rb2 27. Qh3 Kh7 28. Kh1 Qg6 29. Rg1 Bb5 30. g3 Be2 31. gxf4 Qd3 32. Rg3 Rb1+ 33. Rxb1 Qxb1+ 34. Rg1 Qd3 35. Rg3 Rb7 36. Qg4 Rb1+ 37. Kg2 Bf1+ 38. Kf2 Qe2+ 39. Kg1 Bh3# 0-1


[Site "https://www.chess.com"]

[Event "Titled Tuesday Blitz March 28 Early 2023"]
[White "Adury, Anant"]
[Black "Abdilkhair, Abilmansur"]
[WhiteFideId "30964687"]
[BlackFideId "13716417"]
[WhiteElo "2215"]
[BlackElo "2216"]
[Result "0-1"]
[Round "02"]
[TimeControl "180+2"]
[Date "2023.03.28"]
[WhiteClock "0:00:41"]
[BlackClock "0:00:58"]

1. Nf3 Nf6 2. c4 e6 3. Nc3 d5 4. d4 c6 5. e3 Be7 6. Bd3 Nbd7 7. e4 O-O 8. e5 Ne8 9. h4 h6 10. cxd5 cxd5 11. g4 f6 12. Qe2 fxe5 13. dxe5 Nc5 14. g5 Nxd3+ 15. Qxd3 h5 16. g6 Rf5 17. Bg5 Bd7 18. O-O-O Rc8 19. Nd4 Rxf2 20. Qe3 Rxc3+ 21. Qxc3 Bxg5+ 22. hxg5 Qxg5+ 23. Kb1 Qxe5 24. Rde1 Qf6 25. Rxh5 Qxg6+ 0-1


[Site "https://www.chess.com"]

[Event "Titled Tuesday Blitz March 28 Early 2023"]
[White "Fabris, Alberto"]
[Black "Wahedi, Ahmad Siar"]
[WhiteFideId "801348"]
[BlackFideId "4651260"]
[WhiteElo "2212"]
[BlackElo "2464"]
[Result "0-1"]
[Round "02"]
[TimeControl "180+2"]
[Date "2023.03.28"]
[WhiteClock "0:00:01"]
[BlackClock "0:00:45"]

1. e4 e6 2. d4 d5 3. Nc3 Bb4 4. e5 Ne7 5. a3 Bxc3+ 6. bxc3 c5 7. Nf3 Qa5 8. Bd2 Qa4 9. g3 Bd7 10. Bg2 Bb5 11. Bf1 Nd7 12. Bxb5 Qxb5 13. Rb1 Qa4 14. O-O b6 15. Bg5 Nc6 16. Ra1 O-O 17. Be3 Rfc8 18. Qe2 cxd4 19. cxd4 Na5 20. Rfc1 Rc4 21. Ne1 Rac8 22. h4 Rc3 23. Qg4 Rxa3 24. Rxa3 Qxa3 25. Nd3 Nf8 26. h5 Qe7 27. Bg5 Qd7 28. Bf6 Ng6 29. hxg6 fxg6 30. Bg5 Nc4 31. Nf4 Re8 32. Bh4 a5 33. Qf3 Qf7 34. Qd3 Qf5 35. Qxf5 gxf5 36. Ra1 Kf7 37. f3 h6 38. g4 g5 39. gxf5 gxf4 40. f6 Rg8+ 41. Kf2 b5 42. c3 Rb8 43. Ke2 b4 44. cxb4 Rxb4 45. Be1 Rb2+ 46. Kd3 Rb3+ 47. Ke2 Re3+ 48. Kf2 Rd3 49. Bxa5 Rxd4 50. Bc3 Rd3 51. Rc1 d4 52. Be1 Nxe5 53. Rc7+ Kxf6 0-1


[Site "https://www.chess.com"]

[Event "Titled Tuesday Blitz March 28 Early 2023"]
[White "Manukyan, Artyom"]
[Black "Quirke, Jeffrey"]
[WhiteFideId "13305786"]
[BlackFideId "2013029"]
[WhiteElo "2078"]
[BlackElo "2210"]
[Result "0-1"]
[Round "02"]
[TimeControl "180+2"]
[Date "2023.03.28"]
[WhiteClock "0:00:05"]
[BlackClock "0:00:09"]

1. e4 Nf6 2. e5 Nd5 3. d4 d6 4. Nf3 dxe5 5. Nxe5 c6 6. Be2 Bf5 7. O-O e6 8. f4 Nd7 9. c4 Nb4 10. Nc3 Nxe5 11. fxe5 Nc2 12. Rxf5 exf5 13. Qxc2 Qxd4+ 14. Kh1 Bc5 15. Bg5 Qxe5 16. Re1 O-O 17. Bh4 g6 18. Bg3 Qf6 19. Na4 Bd4 20. c5 Rfe8 21. b4 Re4 22. Rf1 Rae8 23. Bc4 Kg7 24. b5 h5 25. Bd6 Re1 26. Qd2 Rxf1+ 27. Bxf1 f4 28. Be2 Be3 29. Qd1 Qd4 30. bxc6 bxc6 31. h3 Qxd1+ 32. Bxd1 Bxc5 33. Bxc5 Re1+ 34. Kh2 Rxd1 35. Bxa7 Rd2 36. Nc3 f3 37. Kg1 Rxg2+ 38. Kf1 Rc2 39. a4 f6 40. Bd4 Kf7 41. a5 g5 42. a6 g4 43. hxg4 hxg4 44. Ke1 Rc1+ 45. Kf2 Ra1 46. a7 Ra6 47. Ne4 f5 48. Ng5+ Kg6 49. Ne6 Ra2+ 50. Kg3 Kf7 51. Nf4 Ke7 52. Bc5+ Kd7 53. Nd3 Kc7 54. Kf4 Kb7 55. Bf2 Rxa7 56. Bxa7 Kxa7 57. Nf2 c5 58. Nh1 c4 59. Kxf5 c3 60. Ke4 c2 61. Kd3 c1=Q 0-1


[Site "https://www.chess.com"]

[Event "Titled Tuesday Blitz March 28 Early 2023"]
[White "Vafin, Ayrat"]
[Black "Ciuffoletti, Paolo"]
[WhiteFideId "4146530"]
[BlackFideId "807630"]
[WhiteElo "2317"]
[BlackElo "2143"]
[Result "0-1"]
[Round "02"]
[TimeControl "180+2"]
[Date "2023.03.28"]
[WhiteClock "0:00:09"]
[BlackClock "0:00:04"]

1. Nf3 d5 2. g3 Nf6 3. Bg2 g6 4. O-O Bg7 5. d4 c6 6. Nbd2 O-O 7. Re1 Nbd7 8. c3 Re8 9. e4 dxe4 10. Nxe4 Nxe4 11. Rxe4 e5 12. dxe5 Nxe5 13. Qxd8 Nxf3+ 14. Bxf3 Rxd8 15. Bg5 f6 16. Be3 Kf7 17. Re1 Bf5 18. Rb4 Rd7 19. h4 a6 20. h5 Re8 21. Rc1 Re6 22. g4 Bd3 23. Rd1 b5 24. Rd4 Rxd4 25. cxd4 Be4 26. Be2 Bd5 27. hxg6+ hxg6 28. Kh2 Bh6 29. Bxh6 Rxe2 30. Be3 Rxb2 31. a3 Rb3 32. Ra1 a5 33. Kg3 a4 34. Kf4 Rc3 35. Kg3 b4 36. axb4 a3 37. b5 cxb5 38. Kf4 a2 39. Bd2 Rb3 40. Be3 Rb1 41. Rxa2 Bxa2 42. g5 Bd5 43. gxf6 Kxf6 44. f3 Rf1 45. Bd2 Rxf3+ 46. Kg4 Rd3 47. Be3 Rxe3 0-1


[Site "https://www.chess.com"]

[Event "Titled Tuesday Blitz March 28 Early 2023"]
[White "Larina, Maria"]
[Black "Deng, Henry"]
[WhiteFideId "24113182"]
[BlackFideId "30965454"]
[WhiteElo "1848"]
[BlackElo "2460"]
[Result "0-1"]
[Round "02"]
[TimeControl "180+2"]
[Date "2023.03.28"]
[WhiteClock "0:00:41"]
[BlackClock "0:01:22"]

1. e4 e5 2. Nf3 Nc6 3. Nc3 Nf6 4. Bb5 Bd6 5. d3 O-O 6. a3 Ne7 7. g4 Nxg4 8. Rg1 Nf6 9. Bg5 Ng6 10. Nd5 c6 11. Nxf6+ gxf6 12. Bh6 cxb5 13. Bxf8 Qxf8 14. Qd2 Kh8 15. h4 Nf4 16. O-O-O Be7 17. d4 d6 18. h5 Be6 19. d5 Bd7 20. Nh4 Rc8 21. Kb1 Qh6 22. Qe3 Qxh5 23. Qg3 Ng6 24. Nf3 Qh3 25. Qxh3 Bxh3 26. Rh1 Bg4 27. Rhg1 0-1


[Site "https://www.chess.com"]

[Event "Titled Tuesday Blitz March 28 Early 2023"]
[White "Rose, Felix"]
[Black "Gnechko, Ruslan"]
[WhiteFideId "5105722"]
[BlackFideId "14135868"]
[WhiteElo "2039"]
[BlackElo "2288"]
[Result "1-0"]
[Round "02"]
[TimeControl "180+2"]
[Date "2023.03.28"]
[WhiteClock "0:00:11"]
[BlackClock "0:01:09"]

1. d4 d5 2. Nc3 Nf6 3. Bf4 a6 4. Qd3 e6 5. O-O-O c5 6. e4 cxd4 7. Qxd4 Nc6 8. Qd3 d4 9. e5 Nh5 10. Nce2 Nxf4 11. Nxf4 Qg5 12. Qe4 Qxe5 13. Qxe5 Nxe5 14. Rxd4 Bc5 15. Rd2 Bd7 16. Nd3 Nxd3+ 17. Bxd3 Bc6 18. Nf3 O-O-O 19. Rhd1 f6 20. Re1 e5 21. Bf5+ Kc7 22. Ree2 Rxd2 23. Rxd2 g6 24. Bd3 Rd8 25. Ne1 e4 26. Bc4 Rxd2 27. Kxd2 Bxf2 28. Bg8 h6 29. Bh7 g5 30. c3 Kd6 31. Nc2 Ke5 32. b3 f5 33. Ke2 Bg1 34. h3 Bd5 35. c4 Be6 36. Nb4 Bc5 37. Nd5 f4 38. Nc3 Bf5 39. Bxf5 Kxf5 40. Nd5 Ke5 41. b4 Bd4 42. a3 b5 43. Nc7 bxc4 44. Nxa6 c3 45. b5 f3+ 46. gxf3 exf3+ 47. Kxf3 c2 48. Nb4 c1=Q 49. Nd3+ Kd5 50. Nxc1 Kc4 51. Ne2 Bc5 52. a4 Kb4 53. Ke4 Kxa4 54. Kf5 Kxb5 55. Kg6 Be3 56. Ng3 Kc4 57. Nf5 Bf4 58. Nxh6 Kd4 59. Nf7 Kd5 60. Nxg5 Bg3 61. Kh5 Ke5 62. Kg4 Be1 63. Nf3+ Kf6 64. Nxe1 1-0


[Site "https://www.chess.com"]

[Event "Titled Tuesday Blitz March 28 Early 2023"]
[White "Tagliata"]
[Black "Salman, Pavel"]
[BlackFideId "24153753"]
[WhiteElo "2202"]
[BlackElo "2187"]
[Result "0-1"]
[Round "02"]
[TimeControl "180+2"]
[Date "2023.03.28"]
[WhiteClock "0:00:19"]
[BlackClock "0:00:53"]

1. e4 c5 2. Nf3 e6 3. d4 cxd4 4. Nxd4 a6 5. Bd3 Qc7 6. c4 Nf6 7. Nc3 d6 8. Be3 Be7 9. O-O b6 10. Rc1 Bb7 11. a3 Nbd7 12. b4 Rc8 13. f4 Qb8 14. Qe2 O-O 15. Kh1 Qa8 16. Kg1 Nxe4 17. Nxe4 Bxe4 18. Bf2 Bxd3 19. Qxd3 Nf6 20. Rfe1 Rfe8 21. Nb3 Qb7 22. Nd2 Bf8 23. Ne4 Nxe4 24. Qxe4 Qxe4 25. Rxe4 d5 26. Rd4 a5 27. Be1 Rc6 28. Rcd1 axb4 29. cxd5 exd5 30. Bxb4 Bxb4 31. axb4 Rc4 32. Rxd5 Rxb4 33. Rd8 Kf8 34. Rxe8+ Kxe8 35. g3 Rb2 36. Ra1 b5 37. Ra8+ Ke7 38. Rb8 b4 39. Rb6 b3 40. Rb5 f6 41. Rb7+ Kf8 42. Kh1 h5 43. Kg1 Kg8 44. Kh1 Kh7 45. Kg1 Kg6 46. Rb5 Rb1+ 47. Kg2 b2 48. Kh3 Kf7 49. Rb6 Ke7 50. Rb7+ Kd6 51. Rb8 Kc7 52. Rb4 Kc6 53. Rb8 Kc5 54. Rc8+ Kd4 55. Rd8+ Ke3 56. Re8+ Kf3 57. Rb8 g6 58. Rb6 g5 59. Rb3+ Ke2 60. fxg5 fxg5 61. Rb8 Kf2 62. Rf8+ Kg1 63. Rb8 g4+ 64. Kh4 Kxh2 65. Rb3 Kg2 66. Rb4 Rh1+ 0-1


[Site "https://www.chess.com"]

[Event "Titled Tuesday Blitz March 28 Early 2023"]
[White "ritanovikova"]
[Black "Baches Garcia, Guillermo"]
[BlackFideId "2209764"]
[WhiteElo "2202"]
[BlackElo "2455"]
[Result "0-1"]
[Round "02"]
[TimeControl "180+2"]
[Date "2023.03.28"]
[WhiteClock "0:00:14"]
[BlackClock "0:01:03"]

1. e4 c5 2. Nc3 d6 3. d3 Nc6 4. g3 g6 5. Be3 Bg7 6. Qd2 Rb8 7. Bg2 b5 8. Nge2 b4 9. Nd1 Nd4 10. c3 Nxe2 11. Qxe2 a5 12. h4 Nf6 13. f3 a4 14. a3 Qa5 15. axb4 cxb4 16. Bd2 b3 17. O-O O-O 18. Ne3 Ba6 19. Rfd1 Qb5 20. Be1 Nd7 21. Nd5 e6 22. Nc7 Qc5+ 23. d4 Bxe2 24. dxc5 Bxd1 25. Rxd1 Nxc5 26. Rxd6 a3 27. Na6 Nxa6 0-1


[Site "https://www.chess.com"]

[Event "Titled Tuesday Blitz March 28 Early 2023"]
[White "QuiesPrecatio"]
[Black "salgadoLO"]
[WhiteElo "2453"]
[BlackElo "2202"]
[Result "1-0"]
[Round "02"]
[TimeControl "180+2"]
[Date "2023.03.28"]
[WhiteClock "0:02:39"]
[BlackClock "0:01:38"]

1. c4 e6 2. Nc3 d5 3. cxd5 exd5 4. d4 c6 5. Qc2 Nf6 6. Bg5 Be7 7. e3 h6 8. Bh4 O-O 9. Bd3 Nh5 10. Bxe7 Qxe7 11. O-O-O Nf6 12. Nf3 b5 13. Ne5 b4 14. Na4 Nfd7 15. f4 Nb6 16. Nc5 f6 17. Bh7+ 1-0


[Site "https://www.chess.com"]

[Event "Titled Tuesday Blitz March 28 Early 2023"]
[White "Torres Dominguez, David"]
[Black "Savitha Shri B"]
[WhiteFideId "2220857"]
[BlackFideId "35061887"]
[WhiteElo "1999"]
[BlackElo "2191"]
[Result "1/2-1/2"]
[Round "02"]
[TimeControl "180+2"]
[Date "2023.03.28"]
[WhiteClock "0:00:31"]
[BlackClock "0:00:24"]

1. e4 c5 2. Nc3 g6 3. d4 Bg7 4. dxc5 Qa5 5. Bd2 Qxc5 6. Nd5 Na6 7. Nf3 e6 8. Nc3 Ne7 9. e5 Bxe5 10. Ne4 Qc7 11. Bxa6 bxa6 12. O-O O-O 13. Nxe5 Qxe5 14. Re1 f5 15. Bc3 Qd5 16. Nf6+ Rxf6 17. Bxf6 Bb7 18. f3 Qxd1 19. Raxd1 Nd5 20. Be5 Rc8 21. c3 a5 22. Bd4 a6 23. a3 a4 24. Kf2 a5 25. g3 Ba6 26. Rd2 Kf7 27. Be5 Bc4 28. Bf4 Rc6 29. Rd4 Ke7 30. Bg5+ Kf7 31. Bd8 d6 32. Bxa5 e5 33. Rd2 Ke6 34. Bb4 g5 35. Red1 h5 36. Re1 g4 37. f4 e4 38. Rxd5 Bxd5 39. Ke3 Rc8 40. Rd1 Rc4 41. Rd2 Rc6 42. Rd4 Rc4 43. Rxc4 Bxc4 44. Ba5 d5 45. Bb6 Ke7 46. Kd4 Kd7 47. Bc5 Kc6 48. Bb4 Bf1 49. Bf8 Bg2 50. Bb4 Bf3 51. Bf8 Bd1 52. Bb4 Bb3 53. Ke3 Kd7 54. Kd4 Kc6 55. Ke3 Kb5 56. Kd4 Kc6 1/2-1/2


[Site "https://www.chess.com"]

[Event "Titled Tuesday Blitz March 28 Early 2023"]
[White "Miszler, Levente"]
[Black "Napoli, Nicolo"]
[WhiteFideId "763276"]
[BlackFideId "813702"]
[WhiteElo "2176"]
[BlackElo "2308"]
[Result "1-0"]
[Round "02"]
[TimeControl "180+2"]
[Date "2023.03.28"]
[WhiteClock "0:00:32"]
[BlackClock "0:00:10"]

1. Nf3 c6 2. c4 d5 3. g3 Nf6 4. Bg2 g6 5. O-O Bg7 6. d4 O-O 7. cxd5 cxd5 8. Nc3 Bf5 9. Ne5 Nc6 10. Re1 Qb6 11. Nxc6 bxc6 12. Na4 Qa5 13. Nc5 Nd7 14. Bd2 Qb6 15. Nxd7 Bxd7 16. Bc3 Rac8 17. e4 e6 18. h4 c5 19. dxc5 Rxc5 20. Bxg7 Kxg7 21. exd5 Qxb2 22. Rb1 Qf6 23. dxe6 Bxe6 24. Qa4 a5 25. Re2 Rfc8 26. Rbe1 Rc1 27. Qxa5 Rxe1+ 28. Qxe1 Qd4 29. Qd2 Qa4 30. h5 gxh5 31. Qg5+ Kf8 32. Rxe6 fxe6 33. Qf6+ Ke8 34. Qxe6+ Kd8 35. Bh3 Rc1+ 36. Kh2 Qd1 37. Qb6+ Ke7 38. Qb7+ Kf6 39. Qb6+ Ke5 40. Bg2 Qg1+ 41. Kh3 Qd1 42. Qe3+ Kd6 43. Qh6+ Kc5 44. Qc6+ Kb4 45. Qb6+ Kc3 46. Qc5+ Kd2 47. Qd4+ Ke1 48. Qe3+ Qe2 49. Qxc1+ Kxf2 50. Qf4+ Ke1 51. Qf3 Qxa2 52. Qxh5 Qe6+ 53. Kh2 Qe3 54. Qxh7 Kf2 55. Qh4 Qe1 56. Qf4+ Ke2 57. Qe4+ Kd2 58. Qxe1+ Kxe1 59. g4 Kf2 60. g5 Ke3 61. g6 Kd2 62. g7 Ke1 63. g8=Q Kd1 64. Qd5+ Kc1 65. Qd3 Kb2 66. Kg3 Ka1 67. Qd2 Kb1 68. Bd5 Ka1 69. Qa2# 1-0


[Site "https://www.chess.com"]

[Event "Titled Tuesday Blitz March 28 Early 2023"]
[White "Kiseleva, Arina"]
[Black "Gatterer, Florian"]
[WhiteFideId "4164989"]
[BlackFideId "811688"]
[WhiteElo "1756"]
[BlackElo "2221"]
[Result "1/2-1/2"]
[Round "02"]
[TimeControl "180+2"]
[Date "2023.03.28"]
[WhiteClock "0:01:30"]
[BlackClock "0:01:56"]

1. d4 d5 2. Nf3 Nf6 3. e3 Bf5 4. Bd3 Bxd3 5. cxd3 e6 6. O-O Nbd7 7. Re1 Be7 8. e4 O-O 9. Nc3 c5 10. e5 Ne8 11. dxc5 Nxc5 12. d4 Nd7 13. Qd3 Rc8 14. Bd2 a6 15. Re3 Nb6 16. b3 Nc7 17. h4 h6 18. h5 Qd7 19. Nh2 Nb5 1/2-1/2


[Site "https://www.chess.com"]

[Event "Titled Tuesday Blitz March 28 Early 2023"]
[White "Kuchava, Ana"]
[Black "Kokoszczynski, Jan"]
[WhiteFideId "13605348"]
[BlackFideId "1174460"]
[WhiteElo "2001"]
[BlackElo "2139"]
[Result "1-0"]
[Round "02"]
[TimeControl "180+2"]
[Date "2023.03.28"]
[WhiteClock "0:00:06"]
[BlackClock "0:00:06"]

1. d4 d5 2. Nf3 Nf6 3. c4 c6 4. Qb3 dxc4 5. Qxc4 Bf5 6. g3 e6 7. Bg2 Nbd7 8. Nc3 Be7 9. O-O O-O 10. Nh4 Bg4 11. e4 e5 12. d5 cxd5 13. exd5 Rc8 14. Qb3 Nc5 15. Qc2 a6 16. Nf5 b5 17. h3 Bh5 18. a3 Bg6 19. Be3 Na4 20. Nxe7+ Qxe7 21. Qb3 Nxc3 22. bxc3 Bd3 23. Rfd1 Bc4 24. Qb4 Qd7 25. a4 Rfd8 26. axb5 axb5 27. Ra7 Qf5 28. d6 h6 29. Bb6 Rd7 30. Rxd7 Qxd7 31. Bc7 Rxc7 32. dxc7 Qxd1+ 33. Kh2 Qd7 34. Qc5 Be6 35. Bb7 Qd2 36. c8=Q+ Bxc8 37. Qxc8+ Kh7 38. Qf5+ Kh8 39. Qc8+ Ng8 40. Qf5 Qd7 41. Qxd7 1-0


[Site "https://www.chess.com"]

[Event "Titled Tuesday Blitz March 28 Early 2023"]
[White "Sowul, Bartosz"]
[Black "Hartikainen, Jarmo"]
[WhiteFideId "1137590"]
[BlackFideId "503134"]
[WhiteElo "2188"]
[BlackElo "2184"]
[Result "1-0"]
[Round "02"]
[TimeControl "180+2"]
[Date "2023.03.28"]
[WhiteClock "0:00:52"]
[BlackClock "0:00:07"]

1. e4 c5 2. Nc3 Nc6 3. Bb5 g6 4. Bxc6 dxc6 5. f4 Bg7 6. Nf3 Bg4 7. h3 Bxf3 8. Qxf3 e5 9. d3 Qe7 10. O-O f6 11. Be3 h6 12. Qg3 g5 13. f5 h5 14. Qf2 b6 15. a4 a5 16. Nb1 Nh6 17. Bxg5 O-O-O 18. Be3 Rhg8 19. Nd2 Bf8 20. Nc4 Kc7 21. Ra3 Rd4 22. Rb3 Rxc4 23. dxc4 Ng4 24. hxg4 hxg4 25. Qg3 Qh7 26. Rd1 Qh5 27. Rbd3 Bh6 28. Bxh6 Qxh6 29. Rd7+ Kc8 30. Qd3 g3 31. Rd8+ Kb7 32. Qd7+ Ka6 33. Qc8+ 1-0


[Site "https://www.chess.com"]

[Event "Titled Tuesday Blitz March 28 Early 2023"]
[White "Sankalan Shah"]
[Black "Shubenkova, Veronika"]
[WhiteFideId "25600362"]
[BlackFideId "44124040"]
[WhiteElo "2118"]
[BlackElo "2027"]
[Result "0-1"]
[Round "02"]
[TimeControl "180+2"]
[Date "2023.03.28"]
[WhiteClock "0:00:13"]
[BlackClock "0:01:16"]

1. d4 d5 2. c4 e6 3. Nf3 Nf6 4. Nc3 c6 5. e3 Bd6 6. b3 O-O 7. Bd3 Nbd7 8. e4 dxe4 9. Nxe4 Nxe4 10. Bxe4 Nf6 11. Bc2 h6 12. O-O b6 13. Bb2 Qc7 14. Ne5 Rd8 15. Qe2 Ba6 16. Rad1 c5 17. dxc5 Bxc5 18. h3 Rxd1 19. Rxd1 Rd8 20. Rxd8+ Qxd8 21. Nc6 Qd6 22. Nxa7 Bb7 23. Be5 Qd8 24. Nb5 Qd7 25. Bxf6 gxf6 26. Be4 f5 27. Bxb7 Qxb7 28. Qd3 Qa8 29. Qd2 Kh7 30. b4 Bf8 31. a3 Bg7 32. Qe3 Qc6 33. Qd3 Be5 34. a4 Kg6 35. Qc2 Kf6 36. c5 bxc5 37. bxc5 f4 38. Qc4 f3 39. g3 Qd7 40. c6 Qd1+ 41. Qf1 Qxa4 42. c7 Qc2 43. Qe1 Bxc7 44. Qe3 Qb1+ 45. Kh2 Qxb5 46. Qxh6+ Ke7 47. h4 Qf5 48. Qe3 Qg4 49. Qa3+ Bd6 50. Qa7+ Kf6 51. Qe3 Qxh4+ 52. Kg1 Qg4 53. Qc3+ Be5 54. Qe3 Bxg3 55. fxg3 Qxg3+ 56. Kf1 Qg2+ 57. Ke1 f2+ 0-1


[Site "https://www.chess.com"]